 Dungeon Crawl Stone Soup version 0.30-a0-862-g1aabd4f9c5 (webtiles) character file.

Game seed: 13084438711494821503

606969 bjtr the Metallomancer (level 27, -4/166 (168) HPs)
             Began as a Gargoyle Earth Elementalist on Mar 4, 2023.
             Was the Champion of Vehumet.
             Slain by a golden dragon (36 damage)
             ... on level 3 of the Realm of Zot on Mar 10, 2023.
             The game lasted 07:56:25 (66741 turns).

bjtr the Metallomancer (GrEE)                      Turns: 66741, Time: 07:56:30

HP:   -4/166 (168)  AC: 33    Str: 18    XL:     27
MP:   11/45         EV: 11    Int: 35    God:    Vehumet [******]
Gold: 4729          SH: 25    Dex: 10    Spells: 10/62 levels left

rFire   + + .      SeeInvis +    a - +9 morningstar (freeze)
rCold   + + +      Faith    .    P - +6 tower shield {reflect}
rNeg    + + .      Spirit   .    v - +1 robe of Vines {NoPotionHeal Regen++++}
rPois   ∞          Reflect  +    i - +2 helmet {Int+3}
rElec   +          Rampage  .    J - scarf {rC+ rF+}
rCorr   +                        p - +2 pair of gloves
Will    ++...                    Q - +2 pair of boots
Stlth   +++++                    c - amulet of Vitality {RegenMP++ Regen++}
HPRegen 5.27/turn                d - ring "Wuamouck" {Drain rC++ rN+ rCorr Str+2}
MPRegen 1.09/turn                A - ring of the Komtur {rF+ Int+6 SInv}

@: flying, constricted, studying 3 skills, lightly drained
A: sickness immunity, AC +20, big wings, negative energy resistance 1,
electricity resistance, torment resistance 1, petrification resistance
}: 3/15 runes: decaying, serpentine, silver
a: Renounce Religion


You were on level 3 of the Realm of Zot.
You worshipped Vehumet.
Vehumet was exalted by your worship.
You visited 11 branches of the dungeon, and saw 49 of its levels.
You visited the Abyss 1 time.
You also visited: Ice Cave and Volcano.

You collected 11287 gold pieces.
You spent 6558 gold pieces at shops.

Inventory:

Hand Weapons
 a - a +9 morningstar of freezing (weapon)
 S - the +8 autumn katana {manifold assault}
   (You found it on level 5 of the Vaults)

   Manifold Assault: It sometimes launches melee attacks against multiple
   visible enemies.
Missiles
 y - 10 silver javelins (quivered)
Armour
 h - +0 gold dragon scales
 i - a +2 helmet of intelligence (worn)
 p - a +2 pair of gloves (worn)
 v - the +1 robe of Vines (worn) {NoPotionHeal Regen++++}
   (You found it on level 10 of the Dungeon)

   NoPotionHeal: Its wearer cannot be healed by potions.
   Regen:     It increases your rate of health regeneration.
 I - quicksilver dragon scales
 J - a scarf of resistance (worn)
 P - a +6 tower shield of reflection (worn)
 Q - a +2 pair of boots (worn)
Magical Staves
 m - a staff of earth
Jewellery
 c - the amulet of Vitality (around neck) {RegenMP++ Regen++}
   (You bought it in a shop on level 4 of the Depths)

   [amulet of magic regeneration]

   It increases your rate of magic regeneration.
   Regen:     It increases your rate of health regeneration.
 d - the ring "Wuamouck" (left hand) {Drain rC++ rN+ rCorr Str+2}
   (You acquired it on level 4 of the Lair of Beasts)

   [ring of resist corrosion]

   Str:       It affects your strength (+2).
   rC:        It greatly protects you from cold.
   rN:        It protects you from negative energy.
   rCorr:     It protects you from acid and corrosion.
   Drain:     It drains your maximum health when unequipped.
 A - the ring of the Komtur (right hand) {rF+ Int+6 SInv}
   (You took it off a deep elf sorcerer on level 3 of the Elven Halls)

   [ring of intelligence]

   Int:       It affects your intelligence (+6).
   rF:        It protects you from fire.
   SInv:      It lets you see invisible.
 T - the ring "Xalaod Ybe" {Will+ Int+3 Slay+6 Stlth+}
   (You found it on level 5 of the Vaults)

   [ring of willpower]

   Int:       It affects your intelligence (+3).
   Slay:      It affects your accuracy & damage with ranged weapons and melee
   (+6).
   Will:      It increases your willpower.
   Stlth:     It makes you more stealthy.
Wands
 k - a wand of mindburst (41)
 l - a wand of paralysis (72)
 r - a wand of digging (21)
 F - a wand of polymorph (4)
 U - a wand of iceblast (50)
 V - a wand of acid (17)
Scrolls
 b - 6 scrolls of silence
 f - 5 scrolls of immolation
 g - 3 scrolls of fog
 t - 5 scrolls of magic mapping
 u - 12 scrolls of vulnerability
 w - 15 scrolls of teleportation
 C - 16 scrolls of fear
 H - 7 scrolls of amnesia
 L - 7 scrolls of poison
 M - a scroll of brand weapon
 W - 2 scrolls of summoning
Potions
 e - 10 potions of haste
 j - 29 potions of curing
 n - a potion of ambrosia
 o - 3 potions of resistance
 x - 4 potions of magic
 B - 10 potions of might
 E - a potion of heal wounds
 G - 10 potions of brilliance
 K - a potion of mutation
 X - 4 potions of cancellation
 Y - 8 potions of invisibility
Miscellaneous
 q - a condenser vane
 s - a lightning rod (4/4)
 z - a box of beasts
 D - a piece from Xom's chessboard (15/15)
 R - a tin of tremorstones (2/2)
 Z - a phial of floods


   Skills:
 * Level 15.9 Fighting
 - Level 16.0 Maces & Flails
 * Level 5.0 Armour
 + Level 12.1 Dodging
 * Level 12.6 Stealth
 + Level 18.7 Shields
 + Level 18.4 Spellcasting
 * Level 19.7 Conjurations
 - Level 0.7 Transmutations
 - Level 10.2 Ice Magic
 * Level 24.0 Earth Magic
 * Level 12.5 Evocations


You had 10 spell levels left.
You knew the following spells:

 Your Spells              Type           Power      Damage    Failure   Level
a - Sandblast             Erth           100%       2d20      0%          1
b - Passwall              Tmut/Erth      72%        N/A       1%          2
c - Stone Arrow           Conj/Erth      100%       3d13      0%          3
d - Petrify               Tmut/Erth      87%        N/A       1%          4
e - Hailstorm             Conj/Ice       95%        3d19      0%          3
f - Iron Shot             Conj/Erth      55%        9d10      1%          6
g - Irradiate             Conj/Tmut      40%        3d25      1%          5
h - Freezing Cloud        Conj/Ice/Air   40%        6-21      1%          5
i - Ozocubu's Armour      Ice            81%        N/A       1%          3
j - Arcjolt               Conj/Air       39%        1d49      1%          5
k - Starburst             Conj/Fire      39%        6d11      1%          6
l - Shatter               Erth           58%        3d43*     4%          9

Your spell library contained the following spells:

 Spells                   Type           Power      Damage    Failure   Level
 Chain Lightning          Conj/Air       39%        3d52      100%        9
 Polar Vortex             Ice            40%        N/A       100%        9
 Magic Dart               Conj           100%       1d8       0%          1
 Lee's Rapid Deconstruct  Erth           58%        3d27*     0%          5
 Beastly Appendage        Tmut           74%        N/A       1%          1
 Foxfire                  Conj/Fire      100%       2x1d9     1%          1
 Kiss of Death            Conj/Necr      100%       2d13      1%          1
 Frozen Ramparts          Ice            100%       1d16      1%          3
 Ignite Poison            Fire/Tmut/Pois 33%        N/A       1%          3
 Mephitic Cloud           Conj/Pois/Air  68%        N/A       1%          3
 Animate Armour           Summ/Erth      100%       N/A       1%          4
 Iskenderun's Mystic Bla  Conj/Tloc      79%        2d16      1%          4
 Leda's Liquefaction      Hex/Erth       43%        N/A       1%          4
 Sticky Flame             Conj/Fire      79%        2d9       1%          4
 Fireball                 Conj/Fire      39%        3d16      1%          5
 Lehudib's Crystal Spear  Conj/Erth      55%        10d13     1%          8
 Apportation              Tloc           64%        N/A       2%          1
 Necrotise                Necr           100%       1d9       2%          1
 Summon Small Mammal      Summ           100%       N/A       2%          1
 Wereblood                Tmut           37%        N/A       2%          2
 Inner Flame              Hex/Fire       32%        N/A       2%          3
 Kindle Blastsparks       Fire/Tloc/Air  64%        2d15      2%          3
 Call Imp                 Summ           32%        N/A       3%          2
 Spider Form              Tmut/Pois      34%        N/A       7%          3
 Portal Projectile        Hex/Tloc       64%        N/A       8%          3
 Vhi's Electric Charge    Tloc/Air       64%        N/A       8%          3
 Metabolic Englaciation   Hex/Ice        31%        N/A       9%          5
 Ozocubu's Refrigeration  Ice            40%        4d16      9%          7
 Yara's Violent Unravell  Hex/Tmut       17%        3d8       16%         5
 Cause Fear               Hex            16%        N/A       26%         4
 Manifold Assault         Tloc           32%        N/A       26%         4
 Passage of Golubria      Tloc           32%        N/A       26%         4
 Simulacrum               Ice/Necr       31%        N/A       43%         6
 Blade Hands              Tmut           18%        N/A       45%         5
 Alistair's Intoxication  Tmut/Pois      22%        N/A       52%         5
 Silence                  Hex/Air        16%        N/A       56%         5
 Summon Forest            Summ/Tloc      16%        N/A       56%         5
 Summon Mana Viper        Hex/Summ       32%        N/A       56%         5
 Dispersal                Tloc           16%        N/A       98%         6
 Summon Cactus Giant      Summ           16%        N/A       98%         6
 Dragon Form              Tmut           18%        N/A       100%        7
 Discord                  Hex            16%        N/A       100%        8
 Disjunction              Tloc           16%        N/A       100%        8
 Maxwell's Capacitive Co  Air            16%        ∞         100%        8
 Dragon's Call            Summ           16%        N/A       100%        9
 Statue Form              Tmut/Erth      Unusable   N/A       N/A         6
 Sublimation of Blood     Necr           Unusable   N/A       N/A         2

Dungeon Overview and Level Annotations

Branches:
Dungeon (15/15)            Temple (1/1) D:7            Lair (5/5) D:9
  Swamp (4/4) Lair:3        Snake (4/4) Lair:2        Slime (0/5) Lair:5
    Orc (2/2) D:11            Elf (3/3) Orc:2        Vaults (5/5) D:14
  Crypt (3/3) Vaults:3       Tomb (0/3) Crypt:3      Depths (4/4) D:15
    Zot (3/5) Depths:4      IceCv (visited)         Volcano (visited)

Altars:
Ashenzari
Cheibriados
Dithmenos
Elyvilon
Fedhas
Gozag
Hepliaklqana
Kikubaaqudgha
Makhleb
Nemelex Xobeh
Okawaru
Qazlal
Ru
Sif Muna
Trog
Uskayaw
Vehumet
Wu Jian
Xom
Yredelemnul
Zin
The Shining One

Shops:
D:3 (   D:5 *   D:6 =   Orc:1 !*   Orc:2 *:(:[*   Elf:2 [   Snake:1 [
Snake:3 *   Snake:4 *   Vaults:1 !   Depths:1 !   Depths:2 *   Depths:3 =:=
Depths:4 (?!=

Portals:
Hell: Depths:1 Depths:2 Depths:3 Depths:4
Abyss: Swamp:4 Depths:2 Depths:3 Depths:4
Pandemonium: Depths:2 Depths:3 Depths:4
Ziggurat: Depths:3

Annotations:
Swamp:4 2 transporters, sasquatch's ghost, adept DsIE
Snake:1 1 runed translucent door, Meok's ghost, adept MiFi
Crypt:1 3 runed translucent doors, Houmnergh's ghost, master GnTm; Pimiptod's ghost, adept MiFi


Innate Abilities, Weirdness & Mutations

You are immune to sickness and miasma.
Your stone body is resilient. (AC +20)
You are immune to poison.
Your large and strong wings let you fly.
You resist negative energy. (rN+)
You are resistant to electric shocks. (rElec)
You are resistant to unholy torment.
You are immune to petrification.


Message History

The storm dragon is lightly wounded.
The golden dragon is severely wounded.
The tentacled monstrosity is heavily wounded.
The moth of wrath is heavily wounded.
Ka-crash!
You hear a deafening roar! x2; You hear a roar!
You block the storm dragon's attack. x3
The tentacled monstrosity tentacle-slaps you but does no damage.
The tentacled monstrosity tentacle-slaps you!
The tentacled monstrosity tentacle-slaps you but does no damage.
The tentacled monstrosity constricts you.
The golden dragon bites you!! You block the golden dragon's attack.
The golden dragon tramples you.
You are held in place!
The storm dragon barely misses you. x3
The tentacled monstrosity tentacle-slaps you but does no damage.
You block the tentacled monstrosity's attack.
The tentacled monstrosity tentacle-slaps you but does no damage.
The tentacled monstrosity constricts you.
* * * LOW HITPOINT WARNING * * *
The golden dragon bites you but does no damage.
The golden dragon claws you!
* * * LOW HITPOINT WARNING * * *
The golden dragon tramples you but does no damage.
Found a runed demon trident.
Unknown command.
Unknown command.
Unknown command.
Casting: Shatter (dangerous; 4% risk of failure)
Confirm with . or Enter, or press ? or * to list all spells.
The dungeon rumbles!
The tentacled monstrosity is almost dead.
The storm dragon is lightly wounded.
The golden dragon is almost dead.
The moth of wrath is almost dead.
Ka-crash!
You hear a roar! x3
You block the storm dragon's attack. x3
You block the tentacled monstrosity's attack. x2
The tentacled monstrosity tentacle-slaps you but does no damage.
The tentacled monstrosity constricts you.
* * * LOW HITPOINT WARNING * * *
The golden dragon bites you!!!
You die...

..#.. ... .#.
.....##.##..#
.....#...#..
# #.........
.# .
........#..
..)#..⌠y⌠..#
......DDX..#
#...@/..#
#......†...#
...##.⌠.⌠..#
. .......#..
......... ...
##.......#.
#.
#.....#....
##.......##.


You could see a tentacled monstrosity (berserk), a golden dragon (berserk), a
storm dragon (berserk, poisoned) and a moth of wrath.

Vanquished Creatures
  2 dread liches
  An ancient lich (Vaults:4)
  A juggernaut (Depths:3)
  Boris (twice) (Crypt:1 Vaults:5)
  Saint Roka (Depths:1)
  Margery (Crypt:1)
  Vashnia (Snake:4)
  5 caustic shrikes (Depths:4)
  A profane servitor (Abyss:2)
  4 golden dragons
  2 bone dragons
  Rupert (Lair:4)
  A shard shrike skeleton (Crypt:2)
  A walking crystal tome (Depths:2)
  7 tentacled monstrosities
  6 quicksilver dragons
  A walking divine tome (Depths:3)
  A lich (Vaults:4)
  2 deep elf master archers (Elf:3)
  5 titans
  3 deep elf blademasters
  12 ancient champions
  6 sphinxes
  3 tentacled starspawn (Abyss:2)
  3 death cobs
  6 nagarajas
  4 revenants
  Donald (Orc:2)
  6 tengu reavers (Vaults:5)
  11 shadow dragons
  2 draconian monks
  A daeva (Abyss:2)
  6 storm dragons
  Roxanne (Swamp:2)
  10 fire giants
  8 frost giants
  5 deep elf sorcerers
  An iron dragon (Depths:4)
  Aizul (Vaults:2)
  2 draconian knights
  2 balrugs
  4 draconian scorchers (Zot:1)
  2 draconian shifters (Zot:1)
  An angel (Depths:4)
  15 vault wardens
  2 ghouls (Crypt:1)
  3 curse skulls
  A draconian stormcaller (Zot:1)
  3 orc warlords
  3 deep elf elementalists (Elf:3)
  15 stone giants
  22 ironbound preservers
  9 ironbound thunderhulks
  5 draconian annihilators
  A reaper (Crypt:2)
  6 caustic shrike skeletons
  32 very ugly things
  A spriggan defender (Depths:2)
  2 war gargoyles
  6 eleionomae
  6 green draconians
  4 vampire knights
  9 deep elf demonologists
  6 black draconians
  Nessos (D:13)
  9 purple draconians
  6 dire elephants
  6 bunyips
  6 spark wasps
  7 deep elf annihilators
  8 white draconians
  An acid blob zombie (Crypt:2)
  4 yellow draconians
  7 red draconians
  A blizzard demon (Depths:1)
  An eidolon (Crypt:2)
  A mummy priest (Crypt:3)
  12 ettins
  5 deep elf death magi
  4 entropy weavers (Vaults:4)
  4 great orbs of eyes
  17 jiangshi
  A shambling mangrove (Swamp:2)
  11 fire dragons
  Josephine (Lair:4)
  17 yaktaur captains
  2 pearl dragon skeletons (Crypt:2)
  13 ice dragons
  The ghost of Puis the Skirmisher, a journeyman DgIE (Lair:2)
  4 salamander tyrants (Snake:4)
  5 deep elf high priests
  4 rakshasas
  Erolcha (D:13)
  33 vault guards
  10 ironbound frosthearts
  2 quicksilver dragon skeletons
  A juggernaut simulacrum (Depths:3)
  2 hell beasts
  A catoblepas (Lair:2)
  18 centaur warriors
  11 hydras
  2 ogre magi
  2 peacekeepers
  A fenstrider witch skeleton (Crypt:2)
  9 boulder beetles
  3 spriggan skeletons (Crypt:3)
  Erica (Lair:1)
  7 alligators
  2 ghost crabs
  2 death knights
  A boulder beetle (shapeshifter) (Vaults:5)
  3 death yaks
  4 spriggan air magi
  7 two-headed ogres
  31 dancing weapons
  10 anacondas
  8 shock serpents
  7 naga warriors
  10 deep troll shamans
  Urug (Lair:4)
  8 tengu warriors
  8 vampire magi
  5 spriggan berserkers
  6 deep troll earth magi
  11 naga sharpshooters
  3 orc high priests
  A storm dragon zombie (D:15)
  3 soul eaters
  A skyshark (Lair:5)
  A sun demon (Depths:2)
  54 skeletal warriors
  16 hell knights
  12 deep elf knights
  A shadow wraith (Crypt:2)
  5 salamander mystics
  7 titan skeletons
  10 iron trolls
  3 sixfirhies
  3 wretched stars (Abyss:2)
  75 deep trolls
  2 shadow demons (Elf:2)
  A storm dragon skeleton (Crypt:2)
  A goliath frog (Swamp:3)
  13 ironbound convokers
  4 glowing orange brains
  2 sea snakes (Snake:3)
  7 naga ritualists
  4 swamp dragons
  9 lindwurms
  11 bog bodies
  8 wizards
  7 flayed ghosts
  3 bunyip skeletons (Crypt:3)
  14 phantasmal warriors
  A golden dragon skeleton (Crypt:2)
  A tengu zombie (Vaults:1)
  5 harpies (Vaults:2)
  14 deep elf archers
  34 deep elf pyromancers
  11 necromancers
  An iron dragon zombie (Crypt:3)
  Pikel (D:6)
  10 orc knights
  2 anaconda skeletons (Crypt:3)
  19 deep elf zephyrmancers
  8 mana vipers
  5 orc sorcerers
  A sphinx skeleton (D:15)
  A broodmother zombie (Crypt:2)
  24 ugly things
  A fire giant zombie (Depths:3)
  6 cyclopes
  2 manticores (D:14)
  A shining eye (shapeshifter) (Vaults:4)
  2 will-o-the-wisps
  An apis skeleton (Crypt:2)
  A stone giant skeleton (Vaults:1)
  17 moths of wrath
  An iron dragon skeleton (Crypt:1)
  A frost giant skeleton (Depths:3)
  An eleionoma skeleton (Crypt:2)
  A rust devil (Abyss:2)
  A worldbinder (Abyss:2)
  A black mamba (shapeshifter) (D:15)
  2 moths of wrath (shapeshifter) (Vaults:5)
  An ice statue (IceCv)
  16 salamanders
  23 naga magi
  2 apocalypse crabs (Abyss:2)
  2 water nymphs (Swamp:3)
  34 black mambas
  A smoke demon (Abyss:2)
  3 guardian serpents
  15 elephants
  26 vault sentinels
  2 orange demons
  5 torpor snails (Lair:5)
  Psyche (D:8)
  A guardian serpent (shapeshifter) (Elf:2)
  An unseen horror (D:11)
  15 cane toads
  3 kobold demonologists
  A hellion (Depths:2)
  13 rime drakes
  7 komodo dragons
  A dire elephant skeleton (Crypt:2)
  2 efreet
  A death yak zombie (Crypt:2)
  3 ice devils
  40 yaktaurs
  8 freezing wraiths
  A naga skeleton (Crypt:3)
  2 centaur skeletons (Crypt:3)
  5 tengu conjurers
  A golden dragon simulacrum (Depths:3)
  A pale draconian skeleton (Crypt:2)
  6 guardian mummies (Crypt:3)
  9 trolls
  A queen bee (Lair:4)
  A hellwing (Depths:2)
  Grinder (D:3)
  A red draconian skeleton (Crypt:1)
  3 meliai (Lair:4)
  8 polar bears
  11 tyrant leeches
  A raiju (Abyss:2)
  4 harpy skeletons
  19 hornets
  3 hydra skeletons
  14 dream sheep
  16 blink frogs
  3 large abominations
  A meliai zombie (Crypt:3)
  A ynoxinul (Abyss:2)
  33 slime creatures
  A slime creature (shapeshifter) (Vaults:5)
  5 air elementals
  A culicivora (shapeshifter) (Vaults:5)
  8 spriggans
  3 jumping spiders (Vaults:4)
  3 water elementals
  2 culicivoras (Vaults:4)
  6 flying skulls (Crypt:2)
  A vampire (D:11)
  A naga simulacrum (Crypt:3)
  3 shadows
  An ice dragon skeleton (Crypt:3)
  2 guardian serpent skeletons
  A starcursed mass (Abyss:2)
  8 wraiths
  50 yaks
  5 basilisks
  4 wyverns
  11 fire bats
  A hog (shapeshifter) (D:15)
  6 fire elementals
  2 neqoxecs
  2 chaos spawn
  4 swamp worm simulacra (Swamp:4)
  3 steam dragons
  A redback (Vaults:4)
  4 vampire mosquitoes
  A human zombie (D:15)
  3 wargs
  35 nagas
  13 water moccasins
  An acid dragon (Lair:5)
  3 hell hounds (Volcano)
  Edmund (D:6)
  18 hydra simulacra (Swamp:4)
  4 small abominations (Abyss:2)
  16 swamp worms
  A two-headed ogre zombie (D:11)
  Duvessa (D:6)
  A floating eye (Depths:2)
  32 orc warriors
  4 swamp drakes
  2 sky beasts (D:8)
  3 black bears
  A swamp dragon zombie (Crypt:3)
  13 boggarts
  11 ogres
  18 wolves
  11 centaurs
  A dream sheep skeleton (Crypt:1)
  5 kobold brigands
  3 lemures (D:6)
  3 phantoms
  A glowing shapeshifter simulacrum (Depths:3)
  7 bullfrogs
  A gnoll sergeant (D:9)
  3 earth elementals
  A scorpion (D:6)
  A necrophage (Crypt:1)
  18 wights
  A wyvern skeleton (Crypt:1)
  Dowan (D:6)
  29 killer bees
  4 troll zombies (D:11)
  A spriggan zombie (Crypt:3)
  A water moccasin skeleton (Crypt:3)
  3 raiju skeletons
  A polar bear skeleton (Crypt:3)
  6 howler monkeys
  9 electric eels
  Crazy Yiuf (D:3)
  4 hounds (D:6)
  11 orc priests
  5 jellies
  A sleepcap (D:5)
  2 gnoll boudas
  13 iguanas
  25 orc wizards
  A boggart skeleton (Crypt:1)
  3 ogre zombies (D:11)
  Robin (D:3)
  17 gnolls
  13 adders
  A shadow imp (D:6)
  4 white imps
  4 swamp drake simulacra (Swamp:4)
  An ufetubus (Abyss:2)
  2 worms
  A dart slug (D:2)
  64 orcs
  2 bats
  4 endoplasms
  2 giant cockroaches
  8 goblins
  5 hobgoblins
  9 kobolds
  A quokka (D:2)
  7 ball pythons
  2 frilled lizards
  5 goblin skeletons (D:11)
  2 goblin zombies (D:11)
  A hobgoblin zombie (D:11)
  3 orc skeletons (D:11)
  14 orc zombies (D:11)
  A quokka zombie (Crypt:2)
  7 rats
  A river rat skeleton (Crypt:1)
  A lurking horror (Abyss:2)
  2 starspawn tentacles (Abyss:2)
2199 creatures vanquished.

Vanquished Creatures (collateral kills)
  A quicksilver dragon (Zot:1)
  A death cob (Zot:1)
  An orc knight (D:15)
  A moth of wrath (Zot:1)
4 creatures vanquished.

Vanquished Creatures (others)
  A bone dragon (Depths:4)
  A deep elf elementalist (Elf:3)
  A vampire knight (Depths:3)
  An ice dragon (Swamp:4)
  A deep elf archer (Elf:1)
  A deep elf zephyrmancer (Elf:2)
  A will-o-the-wisp (Swamp:4)
  A polar bear (shapeshifter) (Elf:3)
  A bloated husk (Swamp:2)
  3 vampire mosquitoes (Swamp:4)
  A steam dragon (shapeshifter) (Depths:3)
  An orc warrior (Orc:2)
  A wolf (IceCv)
  An iguana (Lair:3)
  An orc (Orc:1)
  10 foxfires
  7 fungi
  88 plants
  A starspawn tentacle (Abyss:2)
123 creatures vanquished.

Grand Total: 2326 creatures vanquished

Notes
Turn   | Place    | Note
-------+----------+-------------------------------------------
     0 | D:1      | bjtr the Gargoyle Earth Elementalist began the quest for
                  | the Orb.
     0 | D:1      | Reached XP level 1. HP: 10/10 MP: 3/3
   387 | D:1      | Reached XP level 2. HP: 15/15 MP: 3/5
   389 | D:1      | Reached skill level 4 in Earth Magic
   682 | D:2      | Found a faded altar of an unknown god.
   832 | D:2      | Reached XP level 3. HP: 10/19 MP: 1/6
  1177 | D:2      | Reached skill level 1 in Shields
  1267 | D:2      | Reached XP level 4. HP: 24/24 MP: 7/7
  1569 | D:3      | You fall into a shaft and drop 2 floors!
  1569 | D:5      | Entered Level 5 of the Dungeon
  1585 | D:5      | Found an ancient bone altar of Kikubaaqudgha.
  1593 | D:5      | Reached skill level 5 in Earth Magic
  1670 | D:5      | Reached XP level 5. HP: 28/28 MP: 4/9
  1739 | D:5      | Noticed an ogre
  1743 | D:5      | Killed an ogre
  1806 | D:5      | Reached XP level 6. HP: 32/32 MP: 7/11
  1869 | D:5      | Found Rdob's Retail Resort.
  1879 | D:5      | Reached skill level 6 in Earth Magic
  2105 | D:3      | Found a sacrificial altar of Ru.
  2213 | D:3      | Noticed Grinder
  2235 | D:3      | Killed Grinder
  2236 | D:3      | Reached XP level 7. HP: 24/36 MP: 6/13
  2347 | D:3      | Found Fulevih's Weapon Emporium.
  2377 | D:3      | Learned a level 2 spell: Passwall
  2381 | D:3      | Learned a level 3 spell: Stone Arrow
  2386 | D:3      | Learned a level 4 spell: Petrify
  2472 | D:3      | Noticed Robin
  2474 | D:3      | Killed Robin
  3004 | D:3      | Found a runed translucent door.
  3005 | D:3      | Noticed Crazy Yiuf
  3010 | D:3      | Killed Crazy Yiuf
  3475 | D:4      | Found a large runed translucent door.
  3476 | D:4      | Found a large runed translucent door.
  3543 | D:4      | Found a bloodstained altar of Trog.
  3576 | D:4      | Found a sparkling altar of Nemelex Xobeh.
  3708 | D:5      | Reached skill level 5 in Spellcasting
  3708 | D:5      | Reached skill level 7 in Earth Magic
  3708 | D:5      | Reached XP level 8. HP: 41/41 MP: 11/15
  3910 | D:6      | Found Bogil's Jewellery Shoppe.
  4048 | D:6      | Reached skill level 1 in Armour
  4282 | D:6      | Noticed a two-headed ogre
  4284 | D:6      | Reached skill level 8 in Earth Magic
  4304 | D:6      | Killed a two-headed ogre
  4305 | D:6      | Reached skill level 1 in Fighting
  4305 | D:6      | Reached skill level 5 in Shields
  4305 | D:6      | Reached XP level 9. HP: 33/47 MP: 3/18
  4590 | D:6      | Noticed Edmund
  4598 | D:6      | Killed Edmund
  4744 | D:6      | Reached skill level 9 in Earth Magic
  4958 | D:6      | Noticed Pikel
  4960 | D:6      | Paralysed by Pikel for 2 turns
  4966 | D:6      | Killed Pikel
  5147 | D:7      | Noticed Duvessa
  5147 | D:7      | Noticed Dowan
  5147 | D:7      | Found a staircase to the Ecumenical Temple.
  5154 | D:6      | Killed Dowan
  5158 | D:6      | Killed Duvessa
  5179 | Temple   | Entered the Ecumenical Temple
  5185 | Temple   | Became a worshipper of Vehumet
  5541 | D:7      | Reached skill level 10 in Earth Magic
  5541 | D:7      | Reached XP level 10. HP: 47/52 MP: 7/21
  5944 | D:7      | Found a stormy altar of Qazlal.
  6371 | D:7      | Found a burning altar of Makhleb.
  6513 | D:5      | Bought an amulet of reflection for 360 gold pieces
  6884 | D:8      | Noticed Psyche
  6886 | D:8      | Killed Psyche
  7023 | D:8      | Reached * piety under Vehumet
  7023 | D:8      | Offered knowledge of Shock by Vehumet.
  7370 | D:9      | Noticed a two-headed ogre
  7392 | D:9      | HP: 1/53 [two-headed ogre/+0 giant club (17)]
  7400 | D:9      | Killed a two-headed ogre
  7401 | D:9      | Reached skill level 1 in Maces & Flails
  7437 | D:9      | Reached skill level 11 in Earth Magic
  7920 | D:9      | Offered knowledge of Kiss of Death by Vehumet.
  7957 | D:9      | Found a staircase to the Lair.
  7957 | D:9      | Noticed a death yak
  7957 | D:9      | Noticed an elephant
  7972 | D:9      | Killed a death yak
  7972 | D:9      | Reached ** piety under Vehumet
  7973 | D:9      | Reached XP level 11. HP: 57/57 MP: 3/23
  8432 | D:10     | Entered Level 10 of the Dungeon
  8619 | D:10     | Noticed a five-headed hydra
  8770 | D:9      | Killed a five-headed hydra
  8771 | D:9      | Reached skill level 1 in Conjurations
  8879 | D:10     | Identified a scroll of acquirement
  8879 | D:10     | Acquired 824 gold pieces
  8941 | D:10     | Reached skill level 12 in Earth Magic
  9043 | D:10     | Reached skill level 5 in Stealth
  9103 | D:10     | Found the +1 robe of Vines {NoPotionHeal Regen++++}
  9143 | D:10     | Noticed a two-headed ogre
  9149 | D:10     | Killed a two-headed ogre
  9149 | D:10     | Offered knowledge of Hailstorm by Vehumet.
  9155 | D:10     | Learned a level 3 spell: Hailstorm
  9283 | D:11     | Reached skill level 1 in Ice Magic
  9328 | D:11     | Noticed a two-headed ogre
  9347 | D:11     | Killed a two-headed ogre
  9388 | D:11     | Reached *** piety under Vehumet
  9428 | D:11     | Found a staircase to the Orcish Mines.
  9454 | D:11     | Offered knowledge of Kindle Blastsparks by Vehumet.
  9522 | D:11     | Noticed a skeletal warrior
  9523 | D:11     | Noticed a skeletal warrior
  9555 | D:11     | Killed a skeletal warrior
  9556 | D:11     | Reached skill level 5 in Maces & Flails
  9556 | D:11     | Reached XP level 12. HP: 43/64 MP: 8/25
  9912 | D:11     | Identified the +9 falchion "Myrir" {flame, rC- rN+ rCorr
                  | Str+4 Int+4}
  9979 | D:11     | Learned a level 4 spell: Animate Armour
  9985 | D:11     | Learned a level 5 spell: Irradiate
 10434 | D:12     | Reached skill level 13 in Earth Magic
 10446 | D:12     | Noticed a boulder beetle
 10460 | D:12     | Killed a boulder beetle
 10645 | D:12     | Noticed a boulder beetle
 10658 | D:12     | Killed a boulder beetle
 11089 | D:13     | Noticed a boulder beetle
 11103 | D:13     | Killed a boulder beetle
 11237 | D:13     | Noticed a centaur warrior
 11258 | D:13     | Killed a centaur warrior
 11403 | D:13     | Reached skill level 10 in Spellcasting
 11580 | D:13     | Reached **** piety under Vehumet
 11681 | D:13     | Noticed a four-headed hydra
 11695 | D:13     | Killed a four-headed hydra
 11702 | D:13     | Reached skill level 5 in Dodging
 11784 | D:13     | Reached skill level 5 in Fighting
 11792 | D:13     | Noticed a centaur warrior
 11798 | D:13     | Killed a centaur warrior
 11802 | D:13     | Offered knowledge of Freezing Cloud by Vehumet.
 11809 | D:13     | Learned a level 5 spell: Freezing Cloud
 12196 | D:13     | Noticed Nessos
 12241 | D:13     | Killed Nessos
 12242 | D:13     | Reached skill level 5 in Ice Magic
 12242 | D:13     | Reached XP level 13. HP: 73/73 MP: 27/27
 12274 | D:13     | Noticed Erolcha
 12277 | D:13     | Killed Erolcha
 12827 | D:14     | Reached skill level 14 in Earth Magic
 13292 | D:14     | Found a gate to the Vaults.
 14349 | D:15     | Entered Level 15 of the Dungeon
 14454 | D:15     | Learned a level 3 spell: Ozocubu's Armour
 14796 | D:15     | Gained mutation: Your large and strong wings let you fly.
                  | [Gargoyle growth]
 14796 | D:15     | Reached XP level 14. HP: 82/82 MP: 0/28
 15083 | D:15     | Found a staircase to the Depths.
 15400 | D:15     | Reached skill level 15 in Earth Magic
 15400 | D:15     | Reached skill level 1 in Evocations
 15400 | D:15     | Reached XP level 15. HP: 86/86 MP: 29/29
 15430 | D:15     | Reached ***** piety under Vehumet
 15833 | D:15     | Reached skill level 5 in Conjurations
 15846 | D:15     | Offered knowledge of Arcjolt by Vehumet.
 15853 | D:15     | Learned a level 5 spell: Arcjolt
 16248 | Lair:1   | Entered Level 1 of the Lair of Beasts
 16248 | Lair:1   | Noticed Erica
 16251 | Lair:1   | Killed Erica
 17467 | Lair:2   | Noticed Puis's ghost (journeyman DgIE)
 17483 | Lair:2   | Found a transporter.
 17486 | Lair:2   | Found a transporter.
 17522 | Lair:2   | Killed Puis's ghost
 17626 | Lair:2   | Identified the +10 scimitar of the Tooth {elec, rN+ Int+2}
 17992 | Lair:2   | Found a staircase to the Snake Pit.
 18149 | Lair:3   | Found a dark tunnel.
 18213 | Volcano  | Entered a volcano
 18502 | Lair:3   | You are sucked into a shaft and drop 2 floors!
 18502 | Lair:5   | Entered Level 5 of the Lair of Beasts
 18595 | Lair:4   | Offered knowledge of Orb of Destruction by Vehumet.
 18635 | Lair:3   | Reached skill level 10 in Shields
 18858 | Lair:4   | Reached XP level 16. HP: 96/96 MP: 16/31
 19250 | Lair:3   | Found a staircase to the Swamp.
 19653 | Lair:4   | Noticed Josephine
 19658 | Lair:4   | Killed Josephine
 19659 | Lair:4   | Reached skill level 10 in Maces & Flails
 19698 | Lair:4   | Noticed Rupert
 19711 | Lair:4   | Killed Rupert
 20010 | Lair:4   | Acquired the ring "Wuamouck" {Drain rC++ rN+ rCorr Str+2}
 20263 | Lair:4   | Noticed Urug
 20270 | Lair:4   | Killed Urug
 21291 | Lair:5   | Reached skill level 16 in Earth Magic
 21459 | Lair:5   | Found a runed translucent door.
 21611 | Lair:5   | Offered knowledge of Starburst by Vehumet.
 21617 | Lair:5   | Reached skill level 10 in Fighting
 21867 | Lair:5   | Found a staircase to the Slime Pits.
 22446 | Orc:1    | Entered Level 1 of the Orcish Mines
 22468 | Orc:1    | Found Zyduthretz's Distillery.
 22513 | Orc:1    | Found Xonn's CLEARANCE SALE!.
 22657 | Orc:1    | Found a frozen archway.
 22689 | IceCv    | Entered an ice cave
 22989 | IceCv    | Reached ****** piety under Vehumet
 23669 | Orc:1    | Bought a scroll of brand weapon for 38 gold pieces
 23697 | Orc:1    | Bought a potion of resistance for 140 gold pieces
 23815 | Orc:2    | Entered Level 2 of the Orcish Mines
 23815 | Orc:2    | Found a staircase to the Elven Halls.
 23838 | Orc:2    | Noticed Donald
 23847 | Orc:2    | Killed Donald
 23848 | Orc:2    | Reached XP level 17. HP: 102/102 MP: 17/34
 23899 | Orc:2    | Learned a level 6 spell: Starburst
 23934 | Orc:2    | Paralysed by an orc sorcerer for 3 turns
 23940 | Orc:2    | Offered knowledge of Spellforged Servitor by Vehumet.
 24122 | Orc:2    | Found Xevvyma's Antique Armour Boutique.
 24328 | Orc:2    | Found Gynla's Book Shop.
 24391 | Orc:2    | Found Bah Teep's General Store.
 24437 | Orc:2    | Bought a scroll of enchant weapon for 127 gold pieces
 24543 | Orc:2    | Found Xasec's Book Boutique.
 24571 | Orc:2    | Found Ficuo's General Store.
 24578 | Orc:2    | Bought a scroll of enchant weapon for 127 gold pieces
 24587 | Orc:2    | Found Coawud's Antique Weapon Boutique.
 24594 | Orc:2    | Bought a bloodstained mace for 240 gold pieces
 24594 | Orc:2    | Identified the +9 mace of Maigukkes {drain, rF- rN++ Int+2}
                  | (You bought it in a shop on level 2 of the Orcish Mines)
 24594 | Orc:2    | Bought a masterwork flail for 255 gold pieces
 24594 | Orc:2    | Identified the +9 flail of Ucwez {drain, Contam Str+2
                  | Dex+2} (You bought it in a shop on level 2 of the Orcish
                  | Mines)
 24974 | Snake:1  | Entered Level 1 of the Snake Pit
 25078 | Snake:1  | Found a runed translucent door.
 25506 | Snake:1  | Found Qoamis's Armour Boutique.
 25639 | Snake:1  | Noticed Meok's ghost (adept MiFi)
 25915 | Snake:2  | Offered knowledge of Lightning Bolt by Vehumet.
 26898 | Snake:3  | Found Oqiafasa's General Store.
 27604 | Snake:4  | Entered Level 4 of the Snake Pit
 27620 | Snake:4  | Found Giezet's Neck Hole.
 27629 | Snake:4  | Bought an amulet of the acrobat for 570 gold pieces
 27629 | Snake:4  | Bought a scarf of resistance for 608 gold pieces
 27857 | Snake:4  | Reached XP level 18. HP: 108/108 MP: 9/35
 28082 | Snake:4  | Offered knowledge of Iron Shot by Vehumet.
 28091 | Snake:4  | Learned a level 6 spell: Iron Shot
 28153 | Snake:4  | Noticed Vashnia
 28167 | Snake:4  | Killed Vashnia
 28666 | Snake:4  | Got a serpentine rune of Zot
 29273 | Swamp:1  | Entered Level 1 of the Swamp
 29474 | Swamp:1  | Offered knowledge of Conjure Ball Lightning by Vehumet.
 29798 | Swamp:1  | Found a bloodstained altar of Trog.
 30261 | Swamp:2  | Identified Roxanne's Spellbook of Lithomancy
 30261 | Swamp:2  | Noticed Roxanne
 30269 | Swamp:2  | Killed Roxanne
 30574 | Swamp:2  | Acquired 1091 gold pieces
 30576 | Swamp:2  | Acquired the +5 eveningstar of the Wary Priests {holy,
                  | Drain +Blink rF+ Int+3}
 31494 | Swamp:3  | Reached skill level 10 in Ice Magic
 31551 | Swamp:3  | Reached XP level 19. HP: 107/114 MP: 14/37
 31699 | Swamp:3  | Offered knowledge of Shatter by Vehumet.
 31699 | Swamp:3  | Offered knowledge of Chain Lightning by Vehumet.
 31699 | Swamp:3  | Offered knowledge of Polar Vortex by Vehumet.
 31946 | Swamp:3  | Identified the +2 pair of gloves "Urocwaxzou" {-Tele Harm
                  | rPois Str+7}
 32141 | Swamp:4  | Entered Level 4 of the Swamp
 32162 | Swamp:4  | Noticed sasquatch's ghost (adept DsIE)
 32184 | Swamp:4  | Upgraded the game from 0.30-a0-852-g08b95dd62f to
                  | 0.30-a0-857-gcaf70739d4
 32375 | Swamp:4  | Found a transporter.
 32383 | Swamp:4  | Found a transporter.
 32416 | Swamp:4  | Found a one-way gate to the infinite horrors of the Abyss.
 34285 | Swamp:4  | Got a decaying rune of Zot
 34659 | Elf:1    | Entered Level 1 of the Elven Halls
 35386 | Elf:1    | Got the Secrets of Energy
 35788 | Elf:1    | Reached skill level 10 in Conjurations
 35865 | Elf:1    | Reached skill level 17 in Earth Magic
 36118 | Elf:2    | Paralysed by an air elemental for 1 turns
 36255 | Elf:2    | Found a shimmering blue altar of Sif Muna.
 36256 | Elf:2    | Identified the amulet of Egomania {RegenMP rF++ Str-5}
 36258 | Elf:2    | Identified the +0 plate armour of Reetiheo {rN+}
 36596 | Elf:2    | Paralysed by an air elemental for 1 turns
 36766 | Elf:2    | Paralysed by an air elemental for 1 turns
 36771 | Elf:2    | Paralysed by an air elemental for 1 turns
 36811 | Elf:2    | Found a runed translucent gate.
 36811 | Elf:2    | Found a runed translucent gate.
 36813 | Elf:2    | Found a runed translucent gate.
 37078 | Elf:2    | Found Daosmimi's Antique Armour Boutique.
 37479 | Elf:2    | Reached XP level 20. HP: 107/120 MP: 15/38
 38472 | Elf:3    | Entered Level 3 of the Elven Halls
 38476 | Elf:3    | Paralysed by an air elemental for 1 turns
 38752 | Elf:3    | Reached skill level 15 in Spellcasting
 38753 | Elf:3    | Identified the ring of the Komtur {rF+ Int+6 SInv}
 38806 | Elf:3    | Got Jaogaomeu's Compilation of Abstinence
 38836 | Elf:3    | Identified the +2 leather armour of Yesterday {Will+ Str+3}
 39312 | Elf:3    | Found the +3 hat of Pondering {ponderous, Will+ MP+10
                  | Int+5}
 39323 | Elf:3    | Got the Vademecum on the Mutagenic Mesa
 39335 | Elf:3    | Got the Cyclopedia of the Barrage and Breath
 39373 | Elf:3    | Paralysed by an air elemental for 1 turns
 39392 | Elf:3    | Got the Incunabulum of Cold Damage
 40063 | Vaults:1 | Entered Level 1 of the Vaults
 40108 | Vaults:1 | Upgraded the game from 0.30-a0-857-gcaf70739d4 to
                  | 0.30-a0-859-gf88a04b62d
 40480 | Vaults:1 | You are sucked into a shaft and drop 1 floor!
 40488 | Vaults:2 | Reached skill level 5 in Evocations
 40659 | Vaults:2 | Reached skill level 18 in Earth Magic
 41381 | Vaults:1 | Reached skill level 15 in Shields
 41500 | Vaults:1 | Acquired 803 gold pieces
 41560 | Vaults:1 | Found Asoreimp's Distillery.
 41945 | Vaults:1 | Reached XP level 21. HP: 126/126 MP: 14/40
 42535 | Abyss:2  | Cast into level 2 of the Abyss (a wizard)
 42767 | Abyss:2  | Found a corrupted altar of Lugonu.
 43008 | Abyss:2  | Noticed a profane servitor
 43024 | Abyss:2  | Killed a profane servitor
 43031 | Vaults:1 | Escaped the Abyss
 43598 | Vaults:2 | Reached skill level 10 in Dodging
 43599 | Vaults:2 | Noticed Aizul
 43609 | Vaults:2 | Killed Aizul
 44090 | Vaults:2 | Identified the +6 scale mail of Ashenzari, Wizarding {rC-
                  | MP+9 Str+5 Int-3}
 44295 | Vaults:2 | Reached skill level 15 in Maces & Flails
 45424 | Vaults:3 | Reached skill level 19 in Earth Magic
 45487 | Vaults:3 | Reached XP level 22. HP: 107/132 MP: 9/41
 46158 | Vaults:2 | Upgraded the game from 0.30-a0-859-gf88a04b62d to
                  | 0.30-a0-860-g512cf1e979
 46921 | Vaults:3 | Found a staircase to the Crypt.
 48865 | Vaults:4 | HP: 6/132 [ironbound thunderhulk/bolt of lightning (11)]
 49288 | Vaults:4 | Reached skill level 15 in Conjurations
 50155 | Vaults:4 | Reached skill level 20 in Earth Magic
 50998 | Depths:1 | Entered Level 1 of the Depths
 51088 | Depths:1 | Found a broken altar of Ashenzari.
 51564 | Depths:1 | Reached XP level 23. HP: 117/137 MP: 23/43
 51934 | Depths:1 | Found a gateway to Hell.
 51940 | Depths:1 | Noticed Saint Roka
 51956 | Depths:1 | Killed Saint Roka
 52131 | Depths:1 | Found Otupp's Distillery.
 52144 | Depths:1 | Bought a potion of invisibility for 128 gold pieces
 52144 | Depths:1 | Bought a potion of invisibility for 128 gold pieces
 52144 | Depths:1 | Bought 2 potions of haste for 320 gold pieces
 52650 | Depths:1 | Learned a level 9 spell: Shatter
 52919 | Depths:2 | Identified the +1 scale mail of Ijoriamn {Contam +Inv rC+
                  | Int+5}
 52968 | Depths:2 | Identified the +0 swamp dragon scales of the Vacuum {rElec
                  | rPois Slay+3}
 53360 | Depths:2 | Got the Cyclopedia of the Warped Inferno
 53392 | Depths:2 | Identified the +2 scale mail of Nemelex Xobeh {Stlth+}
 53443 | Depths:2 | Upgraded the game from 0.30-a0-860-g512cf1e979 to
                  | 0.30-a0-862-g1aabd4f9c5
 53653 | Depths:2 | Found a one-way gate leading to the halls of Pandemonium.
 53982 | Depths:2 | Found Hoqag's General Store.
 54166 | Depths:3 | Identified the +2 mace "Fityaqutte" {distort, Fly rCorr}
 54448 | Depths:3 | Noticed a juggernaut
 54452 | Depths:3 | Noticed a golden dragon
 54459 | Depths:3 | Killed a juggernaut
 54467 | Depths:3 | Killed a golden dragon
 54691 | Depths:3 | Reached XP level 24. HP: 144/144 MP: 39/43
 54898 | Depths:3 | Found Doemn's Jewellery Shop.
 54898 | Depths:3 | Found Wite's Book Emporium.
 54899 | Depths:3 | Found Ececlegi's Jewellery Shop.
 55083 | Depths:3 | Reached skill level 21 in Earth Magic
 55083 | Depths:3 | Reached skill level 10 in Evocations
 55304 | Depths:3 | Identified the +1 chain mail "Sori" {rF+++ rC- Dex+2}
 55692 | Depths:3 | Found a one-way gateway to a ziggurat.
 55763 | Depths:4 | Entered Level 4 of the Depths
 56263 | Depths:4 | Found a stormy altar of Qazlal.
 56317 | Depths:4 | Found Tosuc's Jewellery Shop.
 56322 | Depths:4 | Bought the amulet of Vitality {RegenMP++ Regen++} for 1900
                  | gold pieces
 56322 | Depths:4 | Found the amulet of Vitality {RegenMP++ Regen++}
 56449 | Depths:4 | Found Vettu's Distillery.
 56566 | Depths:4 | Bought a potion of cancellation for 160 gold pieces
 56566 | Depths:4 | Bought a potion of haste for 200 gold pieces
 56566 | Depths:4 | Bought a potion of cancellation for 160 gold pieces
 56566 | Depths:4 | Bought a potion of experience for 1000 gold pieces
 56566 | Depths:4 | Reached XP level 25. HP: 150/150 MP: 44/44
 56736 | Depths:4 | Found a gate to the Realm of Zot.
 56912 | Depths:4 | Found Ughaosirit's Magic Scroll Emporium.
 56929 | Depths:4 | Bought a scroll of magic mapping for 97 gold pieces
 56948 | Depths:4 | Found a glowing silver altar of Zin.
 57051 | Depths:4 | Found Utuiced's Antique Weapon Emporium.
 58011 | Crypt:1  | Entered Level 1 of the Crypt
 58192 | Crypt:1  | Noticed Boris
 58204 | Crypt:1  | Killed Boris
 58379 | Crypt:1  | Noticed Margery
 58393 | Crypt:1  | Killed Margery
 58518 | Crypt:1  | Found a runed translucent gate.
 58518 | Crypt:1  | Found a runed translucent gate.
 58518 | Crypt:1  | Noticed Houmnergh's ghost (master GnTm)
 58519 | Crypt:1  | Found an ancient bone altar of Kikubaaqudgha.
 58519 | Crypt:1  | Found a runed translucent gate.
 58519 | Crypt:1  | Noticed a dread lich
 58519 | Crypt:1  | Noticed a dread lich
 58520 | Crypt:1  | Noticed Pimiptod's ghost (adept MiFi)
 59317 | Crypt:2  | Reached XP level 26. HP: 158/158 MP: 37/44
 59619 | Crypt:2  | Identified the +1 falchion of Ojuleso {venom, rPois}
 60460 | Crypt:3  | Entered Level 3 of the Crypt
 60574 | Crypt:3  | Reached skill level 10 in Stealth
 60576 | Crypt:3  | Reached skill level 22 in Earth Magic
 61187 | Crypt:3  | Noticed a dread lich
 61191 | Crypt:3  | Killed a dread lich
 61816 | Crypt:3  | Found a staircase to the Tomb.
 62523 | Vaults:5 | Entered Level 5 of the Vaults
 62525 | Vaults:5 | Noticed Boris
 62528 | Vaults:5 | Killed Boris
 62531 | Vaults:5 | Reached skill level 15 in Fighting
 62537 | Vaults:5 | Noticed an ancient lich
 62540 | Vaults:5 | Reached XP level 27. HP: 107/165 MP: 44/44
 62546 | Vaults:4 | Killed an ancient lich
 62673 | Vaults:5 | Noticed a dread lich
 62676 | Vaults:5 | Killed a dread lich
 62678 | Vaults:5 | Reached skill level 23 in Earth Magic
 63162 | Vaults:5 | Found the +8 autumn katana {manifold assault}
 63167 | Vaults:5 | Identified the ring of Idysuy {Str+5 Int-3 SInv}
 63206 | Vaults:5 | Identified the +4 mace "Xeesaude" {drain, *Noise rElec
                  | Str+2 Int+7}
 63207 | Vaults:5 | Identified the ring "Xalaod Ybe" {Will+ Int+3 Slay+6
                  | Stlth+}
 63211 | Vaults:5 | Got a silver rune of Zot
 63665 | Vaults:5 | Identified the amulet of Immorality {Reflect Dex+3 SH+5}
 64510 | Zot:1    | Entered Level 1 of the Realm of Zot
 65175 | Zot:1    | HP: 7/168 [quicksilver dragon (22)]
 66732 | Zot:3    | Reached skill level 5 in Armour
 66732 | Zot:3    | Reached skill level 24 in Earth Magic
 66741 | Zot:3    | Slain by a golden dragon

Illustrated notes

Levels and vault maps discovered:
D:1:      beargit_arrival_greenhouse, layout_basic, minmay_misc_feat_room
D:2:      layout_loops_cross, shapermc_ecumenical_altar_mp_highgroup,
          minmay_indecisive_spiral
D:3:      layout_loops_ring, mainiacjoe_overflow_alcove_4, serial_shops,
          nicolae_shop_waterfront, uniq_grinder, uniq_crazy_yiuf_cottage,
          uniq_robin
D:4:      layout_rooms, jmf_multi_god_temple2, kennysheep_generic_room_7
D:5:      layout_cave_pools, old_standard_altar, nicolae_alphabet_shops
D:6:      layout_rooms, serial_shops, nicolae_shop_statue_plus, kennysheep_nub,
          minmay_misc_feat_alley, nzn_random_ring, uniq_edmund, uniq_pikel
D:7:      layout_loops_cross, mainiacjoe_overflow_surrounded_room,
          nicolae_overflow_hidden_temple, minmay_temple_entry_junction,
          uniq_duvessa
D:8:      layout_basic, uniq_psyche
D:9:      layout_long_grid, david_lair_generic
D:10:     layout_rooms, hellmonk_guarded_unrand_vines
D:11:     layout_rooms, zombieorc2_lemuel, minivault_14
D:12:     layout_basic
D:13:     layout_grid_maze, minmay_between, uniq_nessos, uniq_erolcha
D:14:     layout_gridville, hangedman_vaults_entry_quadrant_bands,
          serial_rivers, chequers_serial_rivers_small_3,
          chequers_serial_rivers_large_a, chequers_serial_rivers_small_a,
          chequers_serial_rivers_micro_d, serial_bayou_ford_a
D:15:     gammafunk_depths_entry_grave, layout_grid_maze, serial_bayou_lagoon_a
Temple:   eino_temple_rhombus
Lair:1:   layout_roguey, serial_bayou_pond_c, chequers_serial_rivers_micro_b,
          st_stairs_4, patterned_corridor, serial_bayou_shore_a, uniq_erica
Lair:2:   layout_long_grid, nicolae_snake_entry_squirm, gammafunk_ghost_arena,
          beast_lair_carwin_5
Lair:3:   layout_cave_shapes, minmay_swamp_entry_reptiles, enter_volcano_4
Lair:4:   layout_small_grid, special_room [special_room_bee],
          beast_lair_carwin_7, infiniplex_staircase_pool_2, uniq_rupert,
          uniq_josephine, uniq_urug
Lair:5:   guppyfry_lair_end_dragon, layout_cave_shapes, wormcave,
          minmay_slime_entry_pillars
Swamp:1:  layout_basic_swamp, lemuel_altar_in_water
Swamp:2:  layout_falls_marsh, serial_swamp_ruin, evilmike_swamp_ruin_house_2,
          evilmike_swamp_ruin_rubble_2, uniq_roxanne
Swamp:3:  layout_basic_swamp, nicolae_swamp_orc_logging_accident,
          nicolae_swamp_nymph_family_reunion
Swamp:4:  swamp_icy, layout_basic_swamp, gammafunk_ghost_abyssal_escape
Snake:1:  layout_onion_interference, ebering_ghost_reflecting_pool,
          serial_shops, shop_fountains
Snake:2:  layout_misc_corridors, nicolae_snake_omega
Snake:3:  layout_basic, serial_shops, nicolae_shop_statue_plus
Snake:4:  snake_pit, layout_rooms, nicolae_shop_sticking_my_neck_out,
          uniq_vashnia
Orc:1:    layout_caves, portal_ice_cave_entry_animals_and_master, serial_shops,
          shop, nicolae_shop_clearance
Orc:2:    grunt_orc_cross, layout_caves, serial_shops, shop,
          nicolae_shop_competitors_out_of_business, uniq_donald
Elf:1:    nicolae_elf_arrival_fired_up, layout_loops_ring,
          minmay_elf_annihilation
Elf:2:    nicolae_elf_blades_splatter_lattice [nicolae_blade_entry_antechamber],
          layout_gridlike, serial_shops, nicolae_stop_n_shop_1,
          grunt_ministairs_6, hangedman_summoners_spam
Elf:3:    grunt_elf_hall_spiral, layout_rooms
Vaults:1: v_alt_pattern_3, hangedman_vaults_restitches, v_misc_14,
          ontoclasm_vaults_loading_screen, grunt_vaults_swirl,
          hangedman_vaults_corner_blocks, v_misc_14,
          nicolae_vaults_inception_scallops, v_misc_31, ontoclasm_vaults_pinch,
          v_misc_24, grunt_vaults_funnel, hangedman_vaults_impose,
          layout_vaults_omnibox, serial_shops, nicolae_shop_waterfront
Vaults:2: nicolae_vaults_branching_niches, v_misc_29, ontoclasm_vaults_bender,
          hangedman_vaults_slice, v_rooms_5, vaults_room_semicircle,
          vaults_standard_mumra_x, ontoclasm_vaults_twist,
          nicolae_vaults_little_squares_1, nicolae_vaults_little_squares_6,
          layout_vaults_chaotic_city, uniq_aizul
Vaults:3: ontoclasm_vaults_misaligned, minmay_crypt_entry_simple_walls,
          vaults_room_stairs_pillars, nicolae_vaults_little_squares_4,
          v_misc_19, vaults_dpeg_ring, hangedman_vaults_trim,
          vaults_room_corners, dpeg_vaults_monster_box, layout_vaults_omnigrid
Vaults:4: vaults_mumra_chevron_long, ontoclasm_vaults_tryst,
          hangedman_vaults_unwind, dpeg_vaults_monster_row, v_pattern_3,
          vaults_mumra_hexcomb, ontoclasm_vaults_claustrophobia,
          nicolae_vaults_big_ls, vaults_mumra_lcd, ontoclasm_vaults_ligature,
          vaults_mumra_hex, grunt_vaults_focal, grunt_vaults_hallway_short,
          layout_vaults_ring
Vaults:5: serial_shops
Crypt:1:  layout_rooms, gammafunk_ghost_crypt, corexii_leaking_fountain,
          uniq_boris, uniq_margery
Crypt:2:  nicolae_crypt_knochenhaus, layout_chaotic_city, st_stairs_4
Crypt:3:  due_elkab, layout_chaotic_city, tomb_entry_shell_bobbens,
          uniq_josephina
Depths:1: layout_gridville, serial_shops, nicolae_diamond_shop,
          kennysheep_cluttered_room, grunt_mini_vestibule,
          evilmike_ruin_ashenzari, uniq_saint_roka
Depths:2: grunt_crosshair, layout_basic, grunt_pan_entry_spiral, hell_entry,
          abyss_entry, serial_shops, nicolae_shop_trees
Depths:3: grunt_deathspiral_small, layout_twisted_cross, enter_ziggurat_b,
          rand_demon_pan_entry_5, abyss_entry, hangedman_tar_grid_catacomb,
          minmay_shop_grove
Depths:4: grunt_zot_entry_funnels, layout_gridlike,
          nicolae_qazlal_scattered_showers, hell_entry, rand_demon_pan_entry_4,
          serial_shops, shop, shop, nicolae_diamond_shop, nicolae_shop_trees,
          abyss_entry, zin_angel
Zot:1:    layout_onion_interference, hangedman_zot_gyre
Zot:2:    layout_cellular_growth, st_stairs_6
Zot:3:    gammafunk_dig_for_victory, layout_cathedral_of_symmetry,
          grunt_megastairs_2, lemuel_elevator

Skill      XL: |  1  2  3  4  5  6  7  8  9 10 11 12 13 14 15 16 17 18 19 20 21 22 23 24 25 26 27 |
---------------+----------------------------------------------------------------------------------+-----
Earth Magic    | 4 5 6 7 8 10 11 12 13 14 15 16 17 18 19 20 21 22 24 | 24.0
Shields        | 1 2 3 5 6 7 8 9 10 12 14 15 16 17 18 | 18.7
Spellcasting   | 3 4 5 6 7 8 9 10 11 13 14 15 16 17 18 | 18.4
Stealth        | 3 4 5 6 7 8 9 11 12 | 12.6
Dodging        | 2 3 4 5 6 7 8 9 10 11 12 | 12.1
Armour         | 2 3 5 |  5.0
Fighting       | 1 2 3 5 7 9 10 11 12 13 14 15 | 15.9
Maces & Flails | 2 5 6 7 8 9 10 12 13 14 15 16 | 16.0
Conjurations   | 1 2 3 4 5 7 8 10 12 14 15 16 17 18 19 | 19.7
Ice Magic      | 2 5 6 8 9 10 | 10.2
Evocations     | 1 3 5 7 8 9 10 11 12 | 12.5
Transmutations | |  0.7

Action                     |  1- 3 |  4- 6 |  7- 9 | 10-12 | 13-15 | 16-18 | 19-21 | 22-24 | 25-27 || total
---------------------------+-------+-------+-------+-------+-------+-------+-------+-------+-------++-------
  Melee: Spear             |    20 |       |       |       |       |       |       |       |       ||    20
         Dagger            |     8 |    14 |    21 |       |       |       |       |       |       ||    43
         Morningstar       |       |       |    35 |   328 |   648 |   982 |   723 |   591 |   771 ||  4078
         Staff             |       |       |       |       |       |       |       |       |     8 ||     8
   Fire: Sling             |       |       |       |     3 |       |       |       |       |       ||     3
  Throw: Dart              |       |       |       |    17 |    19 |     4 |       |       |       ||    40
   Cast: Sandblast         |    28 |    45 |   125 |   170 |    20 |     7 |       |     2 |       ||   397
         Passwall          |       |       |     2 |     3 |     1 |       |       |       |       ||     6
         Stone Arrow       |       |       |     6 |    77 |   111 |    74 |       |       |       ||   268
         Petrify           |       |       |       |     2 |       |       |       |       |       ||     2
         Hailstorm         |       |       |       |     2 |     1 |     2 |     2 |     2 |       ||     9
         Animate Armour    |       |       |       |     6 |     7 |       |       |       |       ||    13
         Freezing Cloud    |       |       |       |       |    28 |   125 |    90 |    83 |    28 ||   354
         Ozocubu's Armour  |       |       |       |       |     3 |     2 |       |       |       ||     5
         Arcjolt           |       |       |       |       |    10 |    73 |    95 |   122 |   173 ||   473
         Irradiate         |       |       |       |       |     3 |     4 |     3 |     3 |       ||    13
         Iron Shot         |       |       |       |       |       |    44 |   215 |   199 |   239 ||   697
         Starburst         |       |       |       |       |       |     1 |     6 |     3 |     7 ||    17
         Shatter           |       |       |       |       |       |       |       |     2 |    44 ||    46
  Evoke: Lightning rod     |       |       |       |       |       |     4 |     4 |     4 |       ||    12
         Wand              |       |       |       |       |       |       |     5 |       |       ||     5
         Phial of floods   |       |       |       |       |       |       |       |     1 |       ||     1
    Use: Scroll            |       |     8 |    12 |    13 |     9 |     6 |     6 |     9 |     5 ||    68
         Potion            |       |       |     1 |     2 |     1 |     2 |     3 |     1 |     9 ||    19
   Stab: Sleeping          |     3 |     1 |       |     1 |     4 |    13 |     3 |     2 |       ||    27
         Petrified         |       |       |       |     6 |       |       |       |       |       ||     6
         Invisible         |       |       |       |     2 |       |       |       |       |       ||     2
         Distracted        |       |       |       |       |     3 |       |     1 |       |     4 ||     8
         Confused          |       |       |       |       |       |     1 |       |       |       ||     1
 Armour: Robe              |    12 |     8 |       |   103 |   390 |   485 |   527 |   317 |   477 ||  2319
         Leather armour    |       |    16 |    60 |   120 |       |       |       |       |       ||   196
         Troll leather arm |       |       |       |    13 |       |       |       |       |       ||    13
  Dodge: Dodged            |    24 |    17 |   127 |   405 |   617 |   860 |   465 |   217 |   362 ||  3094
  Block: Buckler           |     5 |     4 |    29 |   295 |   527 |   380 |       |       |       ||  1240
         Reflection        |       |       |       |     4 |    26 |    92 |    69 |    41 |    22 ||   254
         Kite shield       |       |       |       |       |       |   275 |       |       |       ||   275
         Tower shield      |       |       |       |       |       |   355 |   936 |   824 |  1223 ||  3338

Table legend: (Time is in decaauts)
 A = Elapsed time spent in this place.
 B = Non-inter-level travel time spent in this place.
 C = Inter-level travel time spent in this place.
 D = Time resting spent in this place.
 E = Time spent auto-exploring this place.
 F = Levels seen in this place.
 G = Mean time per level.
                   A        B        C        D        E       F      G
               +--------+--------+--------+--------+--------+-----+--------+
         Total |  67315 |  61351 |   5964 |  16448 |  28874 |  52 | 1294.5 |
       Dungeon |  18930 |  15691 |   3239 |   2514 |   8979 |  15 | 1262.0 |
        Temple |    292 |    251 |     41 |      0 |    134 |   1 |  292.0 |
          Lair |   6206 |   5778 |    428 |   1055 |   3166 |   5 | 1241.2 |
         Swamp |   5120 |   4974 |    146 |   1739 |   2372 |   4 | 1280.0 |
     Snake Pit |   4065 |   3893 |    172 |    807 |   1990 |   4 | 1016.2 |
  Orcish Mines |   1606 |   1550 |     56 |    122 |    791 |   2 |  803.0 |
   Elven Halls |   5137 |   4930 |    207 |   2209 |   1527 |   3 | 1712.3 |
        Vaults |  12155 |  11123 |   1032 |   4611 |   4421 |   5 | 2431.0 |
         Crypt |   3685 |   3492 |    193 |    565 |   1527 |   3 | 1228.3 |
        Depths |   6557 |   6158 |    399 |   2102 |   2546 |   4 | 1639.2 |
           Zot |   2150 |   2102 |     48 |    521 |   1064 |   3 |  716.7 |
         Abyss |    476 |    476 |      0 |     18 |      0 |   1 |  476.0 |
      Ice Cave |    688 |    688 |      0 |    185 |    260 |   1 |  688.0 |
       Volcano |    244 |    244 |      0 |      0 |     96 |   1 |  244.0 |
               +--------+--------+--------+--------+--------+-----+--------+

Top non-repeatable levels by time:
Vaults:4: 3733 daAuts
Vaults:2: 2736 daAuts
Vaults:1: 2507 daAuts
   Elf:2: 2271 daAuts
 Swamp:4: 2261 daAuts
    D:14: 2061 daAuts
Vaults:3: 1994 daAuts
 Crypt:3: 1854 daAuts
     D:7: 1810 daAuts
    D:15: 1798 daAuts
Depths:1: 1798 daAuts
Depths:3: 1792 daAuts
    D:13: 1755 daAuts
   Elf:1: 1656 daAuts
     D:9: 1638 daAuts
